 Dungeon Crawl Stone Soup version 0.27.1-34-g3ba077fa99 (webtiles) character file.

Game seed: 926990691874154028

1108 ChristopherAssaf the Conjurer (level 8, -8/56 HPs)
             Began as a Human Conjurer on Jan 6, 2022.
             Was a Priest of Jiyva.
             Shot with a sling bullet by Joseph (17 damage)
             ... on level 7 of the Dungeon.
             The game lasted 00:38:33 (6570 turns).

ChristopherAssaf the Conjurer (Human Conjurer)      Turns: 6570, Time: 00:38:34

Health: -8/56      AC:  4    Str: 10    XL:     8   Next: 59%
Magic:  16/23      EV: 12    Int: 19    God:    Jiyva [***...]
Gold:   43         SH:  0    Dex: 11    Spells: 3/15 levels left

rFire    . . .     SeeInvis .   i - staff of cold
rCold    + . .     Faith    .   (no shield)
rNeg     . . .     Spirit   .   a - +2 robe
rPois    .         Reflect  .   (no helmet)
rElec    .         Harm     .   (no cloak)
rCorr    +         Rampage  .   (no gloves)
Will     .....                  (no boots)
Stlth    ++........             (no amulet)
HPRegen  0.18/turn              j - ring of magical power
MPRegen  0.18/turn              (no ring)

@: lethally poisoned (-8 -> -13), flying
A: no striking features
a: Renounce Religion, Request Jelly


You were on level 7 of the Dungeon.
You worshipped Jiyva.
Jiyva was most pleased with you.
You visited 1 branch of the dungeon, and saw 7 of its levels.
You also visited: Ossuary.

You collected 166 gold pieces.
You spent 123 gold pieces at shops.

Inventory:

Hand Weapons
 q - a +2 hunting sling of freezing
Armour
 a - a +2 robe (worn)
Magical Staves
 i - a staff of cold (weapon)
 m - a staff of earth
Jewellery
 j - a ring of magical power (left hand)
 n - a ring of flight
Scrolls
 d - a scroll of fog {unknown}
 f - 3 scrolls of teleportation
 l - a scroll of vulnerability
 p - a scroll of holy word
Potions
 b - a potion of heal wounds {unknown}
 c - a potion of flight
 e - a potion of degeneration {unknown}
 k - 2 potions of ambrosia
 o - a potion of mutation {unknown}


   Skills:
 + Level 2.0 Fighting
 + Level 2.0 Throwing
 + Level 3.4 Dodging
 + Level 4.1 Stealth
 + Level 4.1 Spellcasting
 + Level 6.2 Conjurations
 + Level 1.4 Hexes
 * Level 3.8 Necromancy


You had 3 spell levels left.
You knew the following spells:

 Your Spells              Type           Power      Damage    Failure   Level
a - Magic Dart            Conj           100%       1d8       1%          1
b - Searing Ray           Conj           54%        3d5       1%          2
c - Animate Skeleton      Necr           36%        N/A       2%          1
d - Pain                  Necr           72%        1d7       2%          1
e - Fulminant Prism       Conj/Hex       9%         3d7       28%         4
f - Vampiric Draining     Necr           9%         2d7       9%          3

Your spell library contained the following spells:

 Spells                   Type           Power      Damage    Failure   Level
 Dazzling Flash           Conj/Hex       36%        N/A       9%          3
 Iskenderun's Mystic Bla  Conj/Tloc      15%        2d5       36%         4


Dungeon Overview and Level Annotations

Branches:
Dungeon (7/15)             Temple (0/1) D:6         Ossuary (visited)

Altars:
Jiyva

Shops:
D:2 (   D:5 ?[:(

Annotations:
D:5 2 runed translucent doors
D:7 Joseph


Message History

You conjure a prism of explosive energy!
A fulminant prism comes into view.
Joseph shouts!
You hear an angry hiss.
Joseph drinks a potion.
Joseph suddenly seems more resistant.
Joseph unwields a +2 quarterstaff of speed.
Joseph wields a +0 hunting sling.
Joseph shoots a sling bullet.
The sling bullet hits you!
Your fulminant prism crackles loudly.
A water moccasin comes into view.
The scorpion stings your fulminant prism!
Your fulminant prism explodes!
The blast of energy engulfs the scorpion.
The scorpion is moderately wounded.
Joseph shoots a sling bullet.
The sling bullet hits you!
Joseph shoots a sling bullet.
The sling bullet hits you.
Aiming: Searing Ray (safe; 1% risk of failure)
Press: ? - help, Q - select action, (/) - cycle Shift-Dir - straight line, f - scorpion
Aim: a scorpion (moderately wounded, 79% to hit)
The searing ray misses the scorpion.
The searing ray hits the water moccasin.
The water moccasin is moderately wounded. (Press . to maintain the ray.)
The searing ray hits the scorpion!
The scorpion is almost dead.
The searing ray hits the water moccasin!
The water moccasin is severely wounded.
The scorpion stings you!
* * * LOW HITPOINT WARNING * * *
You are poisoned.
The scorpion poisons you!
The searing ray hits the scorpion.
You kill the scorpion!
You feel sick. The water moccasin bites you.
* * * LOW HITPOINT WARNING * * *
It was a potion of flight.
You feel very buoyant.
You fly up into the air.
You feel sick. The water moccasin bites you.
* * * LOW HITPOINT WARNING * * *
Joseph shoots a sling bullet.
The sling bullet hits you!
You die...

#...........
#...........
#...........
##+##........... ..
#....@..........
...#......(.......$
..
#..#.........######
... ..#........S#
...# #.#.......@.#
.... #.#.........#
..# #...........#
..######..........#
.........###...##.#
..........###### .#
..............# .#
..#...........# .#
..#...........#


You could see Joseph (resistant) and a water moccasin.

Vanquished Creatures
  Duvessa (D:4)
  An orc warrior (D:4)
  A centaur (D:6)
  An ogre (D:5)
  A necrophage (D:4)
  An elf zombie (Ossuary)
  A bullfrog (D:6)
  3 scorpions
  A wyvern skeleton (D:7)
  3 killer bees
  A jelly (D:5)
  A hound (D:6)
  An orc wizard (D:6)
  A hound skeleton (D:4)
  2 mummies (Ossuary)
  3 gnolls (D:6)
  An ufetubus (D:6)
  A worm (D:2)
  4 dart slugs
  12 orcs
  4 endoplasms
  3 giant cockroaches (D:1)
  3 gnoll zombies (Ossuary)
  5 hobgoblins
  2 jackals (D:2)
  3 kobolds
  A quokka (D:3)
  4 ball pythons
  3 bats
  3 frilled lizards
  4 goblins
  4 goblin zombies (Ossuary)
  2 hobgoblin zombies (Ossuary)
  3 orc zombies (Ossuary)
  4 rats
89 creatures vanquished.

Vanquished Creatures (others)
  Edmund (D:4)
  A water moccasin (D:6)
  A necrophage (D:5)
  A phantom (D:4)
  A bullfrog (D:6)
  A scorpion (D:3)
  Dowan (D:4)
  A centaur zombie (D:6)
  A centaur skeleton (D:6)
  A hound (D:4)
  7 jellies (D:4)
  2 iguanas
  An orc wizard (D:4)
  A killer bee zombie (D:6)
  4 adders
  A gnoll (D:6)
  A shadow imp (D:6)
  5 orcs
  A ball python (D:4)
  4 endoplasms (D:4)
  A kobold (D:4)
  2 quokkas
  A hobgoblin zombie (Ossuary)
  16 fulminant prisms
57 creatures vanquished.

Grand Total: 146 creatures vanquished

Notes
Turn   | Place    | Note
-------+----------+-------------------------------------------
     0 | D:1      | ChristopherAssaf the Human Conjurer began the quest for the
                  | Orb.
     0 | D:1      | Reached XP level 1. HP: 13/13 MP: 3/3
   404 | D:1      | Reached XP level 2. HP: 10/19 MP: 0/5
   407 | D:1      | Learned a level 2 spell: Searing Ray
   818 | D:1      | Learned a level 1 spell: Animate Skeleton
  1280 | D:2      | Reached XP level 3. HP: 16/24 MP: 3/6
  1316 | D:2      | Learned a level 1 spell: Pain
  1594 | D:2      | Found Eteonnot's Antique Weapon Shoppe.
  2302 | D:3      | Reached skill level 5 in Conjurations
  2302 | D:3      | Reached XP level 4. HP: 25/30 MP: 7/7
  2397 | D:3      | Found a faded altar of an unknown god.
  2442 | D:3      | Became a worshipper of Jiyva Jeciopry the Shapeless
  2442 | D:3      | Reached * piety under Jiyva
  2526 | D:3      | Noticed a scorpion
  2570 | D:3      | Killed a scorpion
  2571 | D:3      | Reached skill level 1 in Necromancy
  2571 | D:3      | Reached XP level 5. HP: 7/36 MP: 8/8
  3097 | D:4      | Reached ** piety under Jiyva
  3191 | D:4      | Reached XP level 6. HP: 13/42 MP: 7/9
  3199 | D:4      | HP: 2/42 [poisoned by a scorpion]
  3294 | D:4      | Noticed a necrophage
  3303 | D:4      | Killed a necrophage
  3304 | D:4      | Reached skill level 1 in Fighting
  3304 | D:4      | Reached skill level 1 in Throwing
  3441 | D:4      | Killed Edmund
  3562 | D:4      | Learned a level 4 spell: Fulminant Prism
  3683 | D:4      | Noticed an orc warrior
  3694 | D:4      | Killed an orc warrior
  3748 | D:4      | Killed Dowan
  4006 | D:4      | Noticed Duvessa
  4012 | D:4      | Killed Duvessa
  4013 | D:4      | Reached XP level 7. HP: 48/48 MP: 11/11
  4314 | D:5      | Entered Level 5 of the Dungeon
  4320 | D:5      | Found Baiqus's Antique Weapon Emporium.
  4358 | D:5      | Found a sand-covered staircase.
  4368 | Ossuary  | Entered an ossuary
  4396 | Ossuary  | Was placed under penance by Jiyva
  4417 | Ossuary  | Was forgiven by Jiyva
  4511 | D:5      | Found Mum Veal's Book Shoppe.
  4721 | D:5      | Found a runed translucent door.
  4726 | D:5      | Was placed under penance by Jiyva
  4976 | D:5      | Was forgiven by Jiyva
  4981 | D:5      | Found a runed translucent door.
  5069 | D:5      | Found Gexo's Magic Scroll Shoppe.
  5081 | D:5      | Bought a scroll of holy word for 97 gold pieces
  5081 | D:5      | Bought a scroll of identify for 26 gold pieces
  5083 | D:5      | Found Jiluenoa's Antique Armour Shoppe.
  5603 | D:6      | Reached XP level 8. HP: 55/55 MP: 13/13
  5607 | D:6      | Learned a level 3 spell: Vampiric Draining
  5811 | D:6      | Reached *** piety under Jiyva
  6086 | D:6      | Reached skill level 6 in Conjurations
  6086 | D:6      | Reached skill level 1 in Hexes
  6099 | D:6      | Found a staircase to the Ecumenical Temple.
  6559 | D:7      | Noticed Joseph
  6570 | D:7      | Shot with a sling bullet by Joseph

Illustrated notes

Levels and vault maps discovered:
D:1:      dpeg_arrival_erosion, layout_basic, minmay_misc_feat_x
D:2:      layout_loops_ring, serial_shops, nicolae_shop_statue_plus,
          kennysheep_cross_bottleneck, corexii_item_surrounded_by_moat,
          wad_orctagon
D:3:      layout_rooms, chequers_ecumenical_altar_island, minmay_starry_boxes
D:4:      layout_loops_corners, uniq_duvessa, uniq_edmund
D:5:      lemuel_insect_pit, layout_loops_ring, serial_shops, shop_statue,
          nicolae_shop_stone, nicolae_inconvenience_store, shop, enter_ossuary_1
D:6:      layout_gridville, minmay_temple_entry_statues_pillars,
          kennysheep_generic_room_6
D:7:      layout_basic, grunt_temple_overflow_cloverleaf, serial_shops,
          nicolae_shop_trees, uniq_joseph

Skill      XL: |  1  2  3  4  5  6  7  8 |
---------------+-------------------------+-----
Conjurations   | 5 6 |  6.2
Necromancy     | 1 2 3 |  3.8
Fighting       | 1 2 |  2.0
Throwing       | 1 2 |  2.0
Stealth        | 3 4 |  4.1
Spellcasting   | 3 4 |  4.1
Dodging        | 3 |  3.4
Hexes          | 1 |  1.4

Action                   |  1- 3 |  4- 6 |  7- 9 || total
-------------------------+-------+-------+-------++-------
Melee: Unarmed           |     1 |       |       ||     1
       Staff             |       |     6 |     1 ||     7
Throw: Javelin           |     4 |     9 |       ||    13
 Cast: Magic Dart        |    19 |       |       ||    19
       Searing Ray       |    26 |    16 |    23 ||    65
       Animate Skeleton  |       |     1 |       ||     1
       Fulminant Prism   |       |     2 |    14 ||    16
       Vampiric Draining |       |       |     2 ||     2
Invok: Request Jelly     |       |       |     1 ||     1
  Use: Scroll            |     5 |       |     9 ||    14
       Potion            |     1 |     2 |     2 ||     5
 Stab: Sleeping          |       |     1 |       ||     1
Armor: Robe              |     2 |     2 |     8 ||    12
Dodge: Dodged            |    20 |    24 |    30 ||    74
